 Dungeon Sprint DCSS version 0.27-a0-1154-gfdeffcb720 (webtiles) character file.

Game seed: 16465022674641369177

123 Zeld the Gusty (level 5, -3/35 HPs)
             Began as an Octopode Air Elementalist on May 14, 2021.
             Was an Initiate of Sif Muna.
             Slain by a merfolk
             ... wielding a +0 trident
              (25 damage)
             ... in the Dungeon (Sprint V: "Ziggurat Sprint").
             The game lasted 00:01:55 (214 turns).

Zeld the Gusty (Octopode Air Elementalist)           Turns: 214, Time: 00:01:56

Health: -3/35      AC:  1    Str:  8    XL:     5   Next: 7%
Magic:  12/12      EV: 14    Int: 30    God:    Sif Muna [......]
Gold:   0          SH:  0    Dex: 12    Spells: 2/14 levels left

rFire    . . .     SeeInvis .   (no weapon)
rCold    . . .     Faith    .   (no shield)
rNeg     . . .     Spirit   .   (helmet restricted)
rPois    .         Reflect  .   (no amulet)
rElec    .         Harm     .   t - +6 ring of intelligence
rCorr    .         Rampage  .   s - +6 ring of intelligence
Will     .....     NoTele   +   (no ring)
Stlth    +++.......             (no ring)
HPRegen  0.11/turn              (no ring)
MPRegen  0.13/turn              (no ring)
                                (no ring)
                                (no ring)

@: no status effects
A: almost no armour, amphibious, 8 rings, camouflage 1, gelatinous body 1,
(nimble swimmer 1), tentacles
a: Renounce Religion


You were in the Dungeon.
You worshipped Sif Muna.
Sif Muna was noncommittal.
You visited 1 branch

Inventory:

Jewellery
 s - a +6 ring of intelligence (right tentacle)
 t - a +6 ring of intelligence (left tentacle)
Wands
 p - a wand of mindburst (7)
 q - a wand of iceblast (1)
 r - a wand of acid (7)
Scrolls
 g - 4 scrolls of blinking
 j - 4 scrolls of amnesia
 l - 7 scrolls of fog
 m - a scroll of holy word
 n - 5 scrolls of identify
 o - 2 scrolls of fear
Potions
 a - 2 potions of brilliance
 b - 10 potions of curing
 c - 10 potions of heal wounds
 d - 6 potions of haste
 e - 7 potions of magic
 f - 3 potions of berserk rage
 h - 2 potions of invisibility
 i - 4 potions of resistance
 k - 5 potions of might
Miscellaneous
 u - a lightning rod (4/4)


   Skills:
 + Level 2.6 Fighting
 + Level 3.5 Dodging
 - Level 2.6 Stealth
 + Level 5.1 Spellcasting
 - Level 1.0 Conjurations
 * Level 6.7 Air Magic
 * Level 6.4 Invocations


You had 2 spell levels left.
You knew the following spells:

 Your Spells              Type           Power      Damage    Failure   Level
a - Shock                 Conj/Air       100%       1d9       1%          1
b - Static Discharge      Conj/Air       30%        N/A       1%          2
c - Airstrike             Air            24%        N/A       3%          4
d - Lightning Bolt        Conj/Air       15%        1d29      32%         5

Your spell library contained the following spells:

 Spells                   Type           Power      Damage    Failure   Level
 Swiftness                Air            48%        N/A       1%          3


Dungeon Overview and Level Annotations

Branches:
Dungeon (1/1)

Altars:
Ashenzari
Cheibriados
Dithmenos
Elyvilon
Fedhas
Gozag
Hepliaklqana
Kikubaaqudgha
Makhleb
Nemelex Xobeh
Okawaru
Qazlal
Ru
Sif Muna
Trog
Uskayaw
Vehumet
Wu Jian
Xom
Yredelemnul
Zin
The Shining One
Beogh
Jiyva
Lugonu

Annotations:
D 1 transporter


Innate Abilities, Weirdness & Mutations

You cannot wear most types of armour.
You are amphibious.
You can wear up to eight rings at the same time.
Your skin changes colour to match your surroundings (Stealth+).
Your rubbery body absorbs attacks. (AC +1, EV +1)
((You are camouflaged near water. (Stealth+)))
You have tentacles for arms and can constrict up to eight enemies at once.


Message History

The merfolk is lightly wounded.
The merfolk shouts!
The iceblast engulfs the merfolk!
The merfolk is moderately wounded.
The merfolk shouts!
Unknown command.
Aiming: Iceblast
Press: ? - help, Shift-Dir - straight line, f/p - merfolk
Aim: a merfolk, wielding a +0 trident and quivering 2 throwing nets (lightly wounded)
The mass of ice explodes!
The iceblast engulfs the merfolk!
The merfolk is moderately wounded.
The iceblast engulfs the merfolk.
The merfolk is lightly wounded.
The iceblast engulfs the merfolk!
The merfolk is moderately wounded.
The merfolk throws a boomerang.
The boomerang misses you.
Aiming: Iceblast
Press: ? - help, Shift-Dir - straight line, f/p - merfolk
Aim: a merfolk, wielding a +0 trident and quivering 2 throwing nets (moderately wounded)
The mass of ice explodes!
The iceblast engulfs the merfolk!
The merfolk is severely wounded.
The iceblast engulfs the merfolk!
The merfolk is moderately wounded.
The iceblast engulfs the merfolk!
The merfolk is heavily wounded.
The merfolk throws a boomerang.
The boomerang hits you!
Unknown command.
Unknown command.
Aiming: Iceblast
Press: ? - help, Shift-Dir - straight line, f/p - merfolk
Aim: a merfolk, wielding a +0 trident and quivering 2 throwing nets (severely wounded)
The mass of ice explodes!
The iceblast engulfs the merfolk!
The merfolk is severely wounded.
The iceblast engulfs the merfolk!
The merfolk is heavily wounded.
The iceblast engulfs the merfolk!
The merfolk is severely wounded.
The merfolk hits you from afar with a +0 trident!!
Ouch! That really hurt!
You die...

▓▓▓▓▓▓▓▓▓▓▓▓▓
▓.8©8.▓.8©8.▓
▓.:)|.▓.....▓
▓.....▓.[.).▓
▓...m.▓.....▓
▓.mm..▓..)..▓
▓.....▓..©..▓
▓..@..▓▓▓▓▓▓▓
▓▓▓▓▓▓▓


You could see 3 merfolk.

Vanquished Creatures
  A naga (D)
  An adder (D)
2 creatures vanquished.

Notes
Turn   | Place    | Note
-------+----------+-------------------------------------------
     0 | D        | Zeld the Octopode Air Elementalist began the quest for the
                  | Orb.
     0 | D        | Reached XP level 1. HP: 11/11 MP: 3/3
     0 | D        | Found a shimmering blue altar of Sif Muna.
     0 | D        | Found a bloodstained altar of Trog.
     0 | D        | Found a sacrificial altar of Ru.
     0 | D        | Found a stormy altar of Qazlal.
     0 | D        | Found an iron altar of Okawaru.
     0 | D        | Banished a spatial maelstrom
     2 | D        | Found a sparkling altar of Nemelex Xobeh.
     3 | D        | Found the +6 Majin-Bo {vamp, MP+6 Int+6}
     3 | D        | Found the +9 heavy crossbow "Sniper" {vorpal, Acc+∞ SInv}
     3 | D        | Found the +10 dark maul {vorpal}
     3 | D        | Found the +15 Maxwell's patent armour {-Cast -Tele rElec
                  | Will+ rCorr}
     3 | D        | Found the +18 shield of the Gong {rElec rN+ Will+ EV-5}
     3 | D        | Found the +14 obsidian axe {vorpal, Drain Fly SInv}
     3 | D        | Found the +7 great mace "Firestarter" {inner flame, rF++}
     3 | D        | Found the +6 shillelagh "Devastator" {shatter}
     3 | D        | Found the +11 plutonium sword {Contam Stlth-}
     3 | D        | Found the +8 lance "Wyrmbane" {slay drac, rPois rF+ rC+
                  | AC+3}
     3 | D        | Found the +9 sword of Zonguldrok {reap}
     3 | D        | Found the +13 scythe of Curses {drain, Drain}
     3 | D        | Found the +5 sword of Power {vorpal}
     3 | D        | Found the +7 mace of Variability {chain chaos}
     3 | D        | Found the +7 Singing Sword {vorpal, sonic wave}
     3 | D        | Found the +8 storm bow {elec, penet}
     3 | D        | Found a blossoming altar of Fedhas.
     5 | D        | Reached skill level 5 in Air Magic
     5 | D        | Reached XP level 2. HP: 17/17 MP: 4/7
     7 | D        | Found an ancient bone altar of Kikubaaqudgha.
     7 | D        | Found a transporter.
     7 | D        | Found a corrupted altar of Lugonu.
     7 | D        | Found a viscous altar of Jiyva.
     7 | D        | Found a burning altar of Makhleb.
     7 | D        | Found a hazy altar of Hepliaklqana.
     7 | D        | Found an opulent altar of Gozag.
    24 | D        | Became a worshipper of Sif Muna the Loreminder
    28 | D        | Learned a level 2 spell: Static Discharge
   164 | D        | Entered arena 2.
   164 | D        | Noticed a naga
   164 | D        | Found a transporter.
   168 | D        | Killed a naga
   169 | D        | Reached skill level 5 in Spellcasting
   169 | D        | Reached XP level 3. HP: 25/25 MP: 7/9
   169 | D        | Reached XP level 4. HP: 30/30 MP: 8/11
   169 | D        | Reached XP level 5. HP: 35/35 MP: 8/12
   174 | D        | Learned a level 4 spell: Airstrike
   180 | D        | Learned a level 5 spell: Lightning Bolt
   210 | D        | Entered arena 3.
   210 | D        | Noticed a merfolk
   210 | D        | Noticed a merfolk
   210 | D        | Noticed a merfolk
   210 | D        | Found a transporter.
   214 | D        | Slain by a merfolk

Illustrated notes

Levels and vault maps discovered:
D:        sprint_v [room_start, room_1, room_2, room_3, room_4, room_5, room_6,
          room_7, room_8, room_9, room_10, room_11, room_12, room_13, room_14,
          room_15, room_16, room_17, room_18, room_19, room_20, room_21,
          room_22, room_23, room_24, room_25, room_26, room_27]

Skill      XL: |  1  2 |
---------------+-------+-----
Spellcasting   | 4 5 |  5.1
Air Magic      | 5 6 |  6.7
Invocations    | 4 6 |  6.4
Fighting       | 2 |  2.6
Dodging        | 3 |  3.5
Stealth        | |  2.6
Conjurations   | |  1.0

Action                   |  1- 3 |  4- 6 || total
-------------------------+-------+-------++-------
Evoke: Wand              |     2 |     4 ||     6
       Lightning rod     |     2 |       ||     2
  Use: Potion            |     1 |       ||     1
Dodge: Dodged            |       |     1 ||     1

Table legend: (Time is in decaauts)
 A = Elapsed time spent in this place.
 B = Non-inter-level travel time spent in this place.
 C = Inter-level travel time spent in this place.
 D = Time resting spent in this place.
 E = Time spent auto-exploring this place.
 F = Levels seen in this place.
 G = Mean time per level.
                   A        B        C        D        E       F      G
               +--------+--------+--------+--------+--------+-----+--------+
         Total |    213 |    213 |      0 |    145 |      0 |   1 |  213.0 |
       Dungeon |    213 |    213 |      0 |    145 |      0 |   1 |  213.0 |
               +--------+--------+--------+--------+--------+-----+--------+

Top non-repeatable levels by time:
       D: 213 daAuts
